 Dungeon Sprint DCSS version 0.26-a0-665-gefeb406119 (webtiles) character file.

Game seed: 6124132932806018615

1001 jesuscristo the Frost Mage (level 8, -1/78 HPs)
             Began as a Naga Ice Elementalist on Oct 14, 2020.
             Was an Initiate of Vehumet.
             Slain by a deep troll (2 damage)
             ... in the Dungeon (Sprint I: "Red Sonja").
             The game lasted 00:04:07 (641 turns).

jesuscristo the Frost Mage (Naga Ice Elementalist)   Turns: 641, Time: 00:04:09

Health: -1/78      AC: 12    Str: 10    XL:     8   Next: 20%
Magic:  12/22      EV: 10    Int: 19    God:    Vehumet [......]
Gold:   193        SH:  0    Dex: 11    Spells: 16/27 levels left

rFire    . . .     SeeInvis +   l - +0 short sword (drain)
rCold    . . .     Faith    .   (no shield)
rNeg     . . .     Spirit   .   a - +0 robe
rPois    +         Reflect  .   (no helmet)
rElec    .         Harm     .   (no cloak)
rCorr    .         Rampage  .   (no gloves)
MR       +....     NoTele   +   (no barding)
Stlth    ++........             (no amulet)
HPRegen  0.23/turn              (no ring)
MPRegen  0.18/turn              (no ring)

@: icy armour, frozen ramparts, very slow
A: large, see invisible, deformed body, poison resistance, slowness 2, spit
poison 1, AC +2
a: Spit Poison, Renounce Religion


You were in the Dungeon.
You worshipped Vehumet.
Vehumet was noncommittal.
You visited 1 branch You collected 433 gold pieces.
You spent 240 gold pieces at shops.

Inventory:

Hand Weapons
 l - a +0 short sword of draining (weapon)
Missiles
 m - 9 curare-tipped darts (quivered)
Armour
 a - a +0 robe (worn)
Wands
 k - a wand of disintegration (11)
Scrolls
 h - a scroll of blinking
 i - a scroll of remove curse {unknown}
Potions
 d - a potion of heal wounds
 e - a potion of haste
 f - 2 potions of magic
 g - a potion of berserk rage
Miscellaneous
 j - a condenser vane (2/2)


   Skills:
 * Level 6.8 Fighting
 - Level 1.5 Dodging
 - Level 3.0 Stealth
 - Level 10.0 Spellcasting
 - Level 8.0 Summonings
 - Level 10.0 Ice Magic


You had 16 spell levels left.
You knew the following spells:

 Your Spells              Type           Power        Failure   Level
a - Freeze                Ice            ####         1%          1
b - Frozen Ramparts       Ice            #####.       1%          3
c - Ozocubu's Armour      Ice            #####...     1%          3
d - Summon Ice Beast      Ice/Summ       #####...     1%          4

Your spell library contained the following spells:

 Spells                   Type           Power        Failure   Level
 Hailstorm                Conj/Ice       ####....     10%         4


Dungeon Overview and Level Annotations

Branches:
Dungeon (1/1)

Altars:
Cheibriados
Dithmenos
Elyvilon
Fedhas
Gozag
Hepliaklqana
Kikubaaqudgha
Nemelex Xobeh
Okawaru
Qazlal
Ru
Sif Muna
Trog
Uskayaw
Vehumet
Wu Jian
Yredelemnul
Zin
The Shining One

Shops:
D }


Innate Abilities, Weirdness & Mutations

You cannot wear boots.
Your serpentine skin is tough. (AC +2)
You have supernaturally acute eyesight. (SInv)
Armour fits poorly on your strangely shaped body.
Your system is resistant to poisons. (rPois)
You cover ground very slowly.
You can spit poison.


Message History

Your ice beast closely misses the deep troll.
The wall freezes the deep troll.
The deep troll bites you. The deep troll claws you!
* * * LOW HITPOINT WARNING * * *
The deep troll misses you.
Unknown command.
You feel better.
Your ice beast hits the deep troll but does no damage.
The wall freezes the deep troll.
The deep troll bites you but does no damage.
The deep troll claws you. The deep troll claws you!
* * * LOW HITPOINT WARNING * * *
You feel better.
Your ice beast hits the deep troll but does no damage.
The wall freezes the deep troll.
The deep troll bites you!!
* * * LOW HITPOINT WARNING * * *
The deep troll claws you.
* * * LOW HITPOINT WARNING * * *
The deep troll claws you.
You die...

#..#####'#####'#
#..####..#...#.#
#[.#__####..##.#
#..#_____##'#_.+
#⌠⌠#_.∩...÷..._#
####_..__##_.#'#
#_____###'#.#
#########)####+###
+..@T$$.$(+
#..Y####### ##.##
#+#


You could see a deep troll and a friendly ice beast (summoned).

Vanquished Creatures
  Sonja (D)
  Sigmund (D)
  A yak (D)
  An ogre (D)
  A jelly (D)
  Ijyb (D)
6 creatures vanquished.

Notes
Turn   | Place    | Note
-------+----------+-------------------------------------------
     0 | D        | jesuscristo the Naga Ice Elementalist began the quest for
                  | the Orb.
     0 | D        | Reached XP level 1. HP: 15/15 MP: 3/3
     3 | D        | Noticed Ijyb
    23 | D        | Killed Ijyb
    23 | D        | Reached XP level 2. HP: 10/22 MP: 0/5
    23 | D        | Reached XP level 3. HP: 13/28 MP: 0/7
   187 | D        | Learned a level 3 spell: Frozen Ramparts
   191 | D        | Learned a level 3 spell: Ozocubu's Armour
   198 | D        | Noticed an ogre
   205 | D        | Killed an ogre
   205 | D        | Reached skill level 5 in Spellcasting
   205 | D        | Reached XP level 4. HP: 25/36 MP: 0/11
   305 | D        | Learned a level 4 spell: Summon Ice Beast
   305 | D        | Noticed Sigmund
   310 | D        | Killed Sigmund
   310 | D        | Reached XP level 5. HP: 40/42 MP: 5/13
   310 | D        | Reached XP level 6. HP: 47/49 MP: 5/15
   389 | D        | Found a shimmering blue altar of Sif Muna.
   390 | D        | Found an ornate altar of the Wu Jian Council.
   396 | D        | Found a radiant altar of Vehumet.
   403 | D        | Became a worshipper of Vehumet
   433 | D        | Found Lefen's Gadget Emporium.
   433 | D        | Found an ancient bone altar of Kikubaaqudgha.
   433 | D        | Found a hazy altar of Hepliaklqana.
   433 | D        | Found a stormy altar of Qazlal.
   433 | D        | Found a hide-covered altar of Uskayaw.
   433 | D        | Found a blossoming altar of Fedhas.
   433 | D        | Found a bloodstained altar of Trog.
   433 | D        | Found an iron altar of Okawaru.
   433 | D        | Found a basalt altar of Yredelemnul.
   433 | D        | Found a glowing golden altar of the Shining One.
   433 | D        | Found a snail-covered altar of Cheibriados.
   433 | D        | Found a sacrificial altar of Ru.
   433 | D        | Found a glowing silver altar of Zin.
   433 | D        | Found a shadowy altar of Dithmenos.
   433 | D        | Found a white marble altar of Elyvilon.
   433 | D        | Noticed a yak
   437 | D        | Killed a yak
   438 | D        | Found an opulent altar of Gozag.
   439 | D        | Found a sparkling altar of Nemelex Xobeh.
   443 | D        | Bought a condenser vane (2/2) for 240 gold pieces
   491 | D        | Noticed Sonja
   498 | D        | Killed Sonja
   498 | D        | Reached skill level 10 in Spellcasting
   498 | D        | Reached skill level 10 in Ice Magic
   498 | D        | Reached XP level 7. HP: 57/70 MP: 3/20
   498 | D        | Reached XP level 8. HP: 63/78 MP: 3/22
   633 | D        | Noticed a deep troll
   641 | D        | HP: 3/78 [deep troll (18)]
   641 | D        | HP: 1/78 [deep troll (2)]
   641 | D        | Slain by a deep troll

Illustrated notes

Levels and vault maps discovered:
D:        dungeon_sprint_1 [red_sonja_temple_1, red_sonja_temple_small_1]

Skill      XL: |  1  2  3  4  5  6 |
---------------+-------------------+-----
Ice Magic      | 6 8 10 | 10.0
Spellcasting   | 5 6 10 | 10.0
Summonings     | 8 |  8.0
Fighting       | 6 |  6.8
Dodging        | |  1.5
Stealth        | |  3.0

Action                   |  1- 3 |  4- 6 |  7- 9 || total
-------------------------+-------+-------+-------++-------
Melee: Unarmed           |     9 |       |       ||     9
       Dagger            |     3 |       |       ||     3
       Short sword       |       |       |     1 ||     1
Throw: Dart              |       |       |     1 ||     1
 Cast: Freeze            |     5 |     3 |     1 ||     9
       Ozocubu's Armour  |     1 |     4 |     1 ||     6
       Frozen Ramparts   |     1 |     4 |     1 ||     6
       Summon Ice Beast  |       |     2 |     1 ||     3
 Abil: Spit Poison       |     5 |     3 |       ||     8
  Use: Potion            |       |       |     2 ||     2
Armor: Robe              |     1 |       |     1 ||     2
Dodge: Dodged            |     6 |     3 |     4 ||    13

Table legend: (Time is in decaauts)
 A = Elapsed time spent in this place.
 B = Non-inter-level travel time spent in this place.
 C = Inter-level travel time spent in this place.
 D = Time resting spent in this place.
 E = Time spent auto-exploring this place.
 F = Levels seen in this place.
 G = Mean time per level.
                   A        B        C        D        E       F      G
               +--------+--------+--------+--------+--------+-----+--------+
         Total |    679 |    679 |      0 |    348 |    105 |   1 |  679.0 |
       Dungeon |    679 |    679 |      0 |    348 |    105 |   1 |  679.0 |
               +--------+--------+--------+--------+--------+-----+--------+

Top non-repeatable levels by time:
       D: 679 daAuts
